 Dungeon Crawl Stone Soup version 0.31.0-11-ge490571c62 (webtiles) character file.

Game seed: 6875197101829704925

1806 dialectric the Basher (level 9, -1/54 HPs)
             Began as a Gargoyle Berserker on Feb 1, 2024.
             Was a Priest of Trog.
             Slain by a yak (9 damage)
             ... on level 7 of the Dungeon on Feb 2, 2024.
             The game lasted 00:07:43 (4715 turns).

dialectric the Basher (Gargoyle Berserker)          Turns: 4715, Time: 00:07:44

Health: -1/54      AC: 19    Str: 25    XL:     9   Next: 9%
Magic:  9/9        EV:  9    Int:  8    God:    Trog [***...]
Gold:   279        SH:  0    Dex:  9    Spells: 8/8 levels left

rFire   . . .        a - +0 mace
rCold   . . .        (no shield)
rNeg    + . .        d - +0 chain mail
rPois   ∞            g - +0 helmet
rElec   +            j - +0 cloak
rCorr   .            (no gloves)
SInv    +            (no boots)
Will    .....        (no amulet) Stlth
                     k - ring of see invisible
HPRegen 0.29/turn    (no ring)
MPRegen 0.11/turn

%: no passive effects
@: on berserk cooldown, slowed, very slow
A: sickness immunity, AC +6, negative energy resistance 1, electricity
resistance, torment resistance 1, petrification resistance
a: Renounce Religion, Berserk, Trog's Hand


You were on level 7 of the Dungeon.
You worshipped Trog.
Trog was most pleased with you.
You visited 1 branch of the dungeon, and saw 7 of its levels.

You collected 318 gold pieces.
You spent 39 gold pieces at shops.

Inventory:

Hand Weapons
 a - a +0 mace (weapon)
Armour
 d - a +0 chain mail (worn)
 g - a +0 helmet (worn)
 j - a +0 cloak (worn)
 m - a +2 kite shield
 y - a +2 tower shield
Jewellery
 k - a ring of see invisible (left hand)
Wands
 h - a wand of acid (23)
 u - a wand of charming (4)
 w - a wand of iceblast (11)
Scrolls
 c - 5 scrolls of identify {unknown}
 e - 3 scrolls of teleportation {unknown}
 f - a scroll of vulnerability {unknown}
 l - 2 scrolls of blinking {unknown}
 o - a scroll of poison {unknown}
 p - 4 scrolls of revelation {unknown}
 v - 2 scrolls of butterflies {unknown}
 x - a scroll of fear {unknown}
Potions
 b - a potion of brilliance {unknown}
 i - 2 potions of attraction {unknown}
 n - a potion of degeneration {unknown}
 r - a potion of mutation {unknown}
 s - 2 potions of curing
 t - 2 potions of haste {unknown}


   Skills:
 + Level 5.4 Fighting
 + Level 9.3 Maces & Flails
 * Level 6.1 Armour
 - Level 3.1 Dodging


You had 8 spell levels left.
You didn't know any spells.
Your spell library was empty.

Dungeon Overview and Level Annotations

Branches:
Dungeon (7/15)             Temple (0/1) D:7

Altars:
Cheibriados
Elyvilon
Fedhas
Hepliaklqana
Kikubaaqudgha
Okawaru
Trog

Shops:
D:4 *

Annotations:
D:3 1 runed translucent door, Crazy Yiuf
D:5 Dowan, Duvessa


Innate Abilities, Weirdness & Mutations

You are immune to sickness and miasma.
Your stone body is resilient. (AC +6)
You are immune to poison.
You resist negative energy. (rN+)
You are resistant to electric shocks. (rElec)
You are resistant to unholy torment.
You are immune to petrification.


Message History

* * * LOW HITPOINT WARNING * * *
You thump the yak!
The yak is moderately wounded.
You hit the yak.
The yak is heavily wounded.
The yak gores you!
* * * LOW HITPOINT WARNING * * *
You sock the yak!
The yak is severely wounded.
You are no longer berserk.
You are exhausted.
You feel yourself slow down.
You sock the yak!
The yak is almost dead.
The yak gores you but does no damage. x2
You hit the yak.
The yak is almost dead.
The yak closely misses you.
You thump the yak!
You kill the yak!
Trog accepts your kill.
Your Armour skill increases to level 6!
You completely miss the yak. The yak gores you.
* * * LOW HITPOINT WARNING * * *
The yak gores you but does no damage.
Unknown command.
You feel better. The yak gores you.
* * * LOW HITPOINT WARNING * * *
You hit the yak.
The yak is lightly wounded.
The yak gores you!
* * * LOW HITPOINT WARNING * * *
The yak misses you.
You hit the yak.
The yak is lightly wounded.
The yak completely misses you.
You hit the yak.
The yak is moderately wounded.
The yak gores you!
You die...

##........≈♣♣
#.........≈≈≈
+.......$~.~~
#.........≈≈≈
#.......~≈
#......
#...##.≈♣♣♣
#Y# #.≈≈≈ #@#
#...~ ##.#
#.≈≈ #.>###.≈♣
#...##.≈♣
#....#.S♣♣♣≈.≈
#...##)S≈≈≈≈~≈
#...)........~
#...########..
###.#


You could see a yak.

Vanquished Creatures
  Sigmund (D:2)
  4 yaks (D:7)
  A sky beast (D:7)
  An ice beast (D:4)
  2 bullfrogs (D:6)
  2 howler monkeys
  3 jellies
  2 hounds
  3 iguanas
  An orc priest (D:7)
  A sleepcap (D:6)
  Jessica (D:3)
  Ijyb (D:5)
  3 orc wizards
  Terence (D:3)
  3 gnolls (D:7)
  10 adders
  2 ufetubi (D:6)
  2 dart slugs
  13 orcs
  8 ball pythons
  3 endoplasms
  4 giant cockroaches
  11 goblins
  10 hobgoblins
  5 quokkas
  5 bats
  5 frilled lizards
  8 kobolds
  7 rats
123 creatures vanquished.

Notes
Turn   | Place    | Note
-------+----------+-------------------------------------------
     0 | D:1      | dialectric the Gargoyle Berserker began the quest for the
                  | Orb.
     0 | D:1      | Reached XP level 1. HP: 14/14 MP: 1/1
   171 | D:1      | Reached XP level 2. HP: 19/19 MP: 2/2
   443 | D:1      | Reached ** piety under Trog
   493 | D:1      | Reached XP level 3. HP: 21/24 MP: 3/3
   985 | D:2      | Noticed Sigmund
   998 | D:2      | Killed Sigmund
   999 | D:2      | Reached skill level 5 in Maces & Flails
   999 | D:2      | Reached XP level 4. HP: 27/29 MP: 4/4
   999 | D:2      | Reached XP level 5. HP: 31/33 MP: 5/5
  1020 | D:2      | Reached XP level 6. HP: 27/38 MP: 6/6
  1592 | D:3      | Found a faded altar of an unknown god.
  1594 | D:3      | Found a hazy altar of Hepliaklqana.
  1634 | D:3      | Noticed Jessica
  1641 | D:3      | Killed Jessica
  1738 | D:3      | Noticed Terence
  1746 | D:3      | Killed Terence
  1861 | D:3      | Reached skill level 6 in Maces & Flails
  1902 | D:3      | Reached *** piety under Trog
  2437 | D:3      | Found a runed translucent door.
  2438 | D:3      | Noticed Crazy Yiuf
  2656 | D:4      | Found Hizasemi's General Store.
  2666 | D:4      | Found a white marble altar of Elyvilon.
  2669 | D:4      | Found a snail-covered altar of Cheibriados.
  2683 | D:4      | Bought a potion of curing for 39 gold pieces
  2959 | D:4      | Found a bloodstained altar of Trog.
  3001 | D:4      | Reached XP level 7. HP: 43/43 MP: 7/7
  3068 | D:4      | Found an ancient bone altar of Kikubaaqudgha.
  3071 | D:4      | Found a blossoming altar of Fedhas.
  3344 | D:5      | Entered Level 5 of the Dungeon
  3437 | D:5      | Noticed Ijyb
  3443 | D:5      | Killed Ijyb
  3457 | D:5      | Noticed Dowan
  3458 | D:5      | Noticed Duvessa
  3541 | D:5      | Reached skill level 7 in Maces & Flails
  3742 | D:6      | Reached XP level 8. HP: 48/48 MP: 8/8
  3931 | D:6      | Reached skill level 8 in Maces & Flails
  4332 | D:7      | Found a staircase to the Ecumenical Temple.
  4562 | D:7      | Found an iron altar of Okawaru.
  4683 | D:7      | Noticed a yak
  4683 | D:7      | Noticed a yak
  4683 | D:7      | Noticed a yak
  4683 | D:7      | Noticed a yak
  4683 | D:7      | Noticed a yak
  4692 | D:7      | Killed a yak
  4693 | D:7      | Reached skill level 5 in Armour
  4695 | D:7      | Killed a yak
  4696 | D:7      | Reached skill level 5 in Fighting
  4703 | D:7      | Killed a yak
  4704 | D:7      | Reached skill level 9 in Maces & Flails
  4704 | D:7      | Reached XP level 9. HP: 24/54 MP: 9/9
  4715 | D:7      | Slain by a yak

Illustrated notes

Levels and vault maps discovered:
D:1:      evilmike_arrival_rings, layout_basic
D:2:      minmay_angry_zag, layout_rooms, minmay_door_square,
          kennysheep_minor_cross, uniq_sigmund
D:3:      layout_loops_corners, beargit_hepliaklqana_dungeon_heroes,
          minmay_increasing_density, uniq_terence, uniq_jessica,
          uniq_crazy_yiuf_cottage
D:4:      layout_gridville, lemuel_doored_altar,
          nicolae_overflow_macrodata_refinement, serial_shops, shop
D:5:      layout_gridville, minivault_1, uniq_duvessa, uniq_ijyb, uniq_pikel
D:6:      layout_basic
D:7:      layout_loops_corners, okawaru_altar_gauntlet_db, tgw_sif,
          minmay_temple_entry_statues_pillars, kennysheep_boxes

Skill      XL: |  1  2  3  4  5  6  7  8  9 |
---------------+----------------------------+-----
Fighting       | 4 5 |  5.4
Maces & Flails | 5 6 7 9 |  9.3
Dodging        | 2 3 |  3.1
Armour         | 3 5 6 |  6.1

Action                     |  1- 3 |  4- 6 |  7- 9 || total
---------------------------+-------+-------+-------++-------
  Melee: Mace              |   107 |   168 |   204 ||   479
         Punch             |     1 |     2 |     5 ||     8
 Invoke: Berserk           |     1 |       |     7 ||     8
    Use: Potion            |       |       |     2 ||     2
   Stab: Sleeping          |     1 |       |       ||     1
 Armour: Animal skin       |    46 |       |       ||    46
         Chain mail        |    58 |   119 |   170 ||   347
  Dodge: Dodged            |    70 |    96 |    94 ||   260
